 Dungeon Crawl Stone Soup version 0.30-a0-1114-gd936c97349 (webtiles) character file.

Game seed: 7776613065274893937

42581 Strat the Severer (level 13, -7/124 HPs)
             Began as a Minotaur Reaver on Apr 20, 2023.
             Was a High Priest of Wu Jian.
             Splashed by a goliath frog's acid (8 damage)
             ... on level 5 of the Lair of Beasts.
             The game lasted 00:37:42 (19053 turns).

Strat the Severer (Minotaur Reaver)                Turns: 19053, Time: 00:37:43

Health: -7/124     AC:  2    Str: 21    XL:     13   Next: 86%
Magic:  14/14      EV:  9    Int: 10    God:    Wu Jian [*****.]
Gold:   1111       SH: 11    Dex: 10    Spells: 9/14 levels left

rFire   + + .      SeeInvis +    a - +12 hand axe "Lorem Ipsum" {freeze, rPois rF+ SInv}
rCold   + + .      Faith    .    m - +0 kite shield
rNeg    + . .      Spirit   .    w - +1 chain mail
rPois   +          Reflect  .    (helmet restricted)
rElec   .          Rampage  .    p - scarf of Wirekud {shadows, rC++ rN+}
rCorr   .                        (no gloves)
Will    .....                    C - +0 pair of boots Stlth
                                 (no amulet)
HPRegen 0.40/turn                z - ring of poison resistance
MPRegen 0.14/turn                q - ring of protection from fire

@: about to teleport, corroded
A: horns 2, retaliatory headbutt
a: Renounce Religion, Wall Jump, Serpent's Lash, Heavenly Storm


You were on level 5 of the Lair of Beasts.
You worshipped Wu Jian.
Wu Jian was extremely pleased with you.
You visited 3 branches of the dungeon, and saw 17 of its levels.
You visited the Abyss 1 time.
You also visited: Bailey.

You collected 1111 gold pieces.

Inventory:

Hand Weapons
 a - the +12 hand axe "Lorem Ipsum" (weapon) {freeze, rPois rF+ SInv}
   (You found it on level 9 of the Dungeon)

   rF:        It protects you from fire.
   rPois:     It protects you from poison.
   SInv:      It lets you see invisible.
 b - a +1 war axe
Missiles
 f - 10 curare-tipped darts
 t - 7 poisoned darts (quivered)
 K - 3 javelins
Armour
 m - a +0 kite shield (worn)
 p - the scarf of Wirekud (worn) {shadows, rC++ rN+}
   (You found it on level 2 of the Lair of Beasts)

   rC:        It greatly protects you from cold.
   rN:        It protects you from negative energy.
 w - a +1 chain mail (worn)
 C - a +0 pair of boots (worn)
Jewellery
 n - a ring of see invisible
 q - a ring of protection from fire (right hand)
 z - a ring of poison resistance (left hand)
 E - a ring of ice
 F - a +6 ring of strength
 M - a ring of protection from cold
Wands
 x - a wand of quicksilver (9)
 y - a wand of paralysis (40)
 A - a wand of polymorph (14)
 G - a wand of iceblast (10)
Scrolls
 c - 2 scrolls of vulnerability
 e - 4 scrolls of identify
 i - 6 scrolls of immolation
 r - 4 scrolls of enchant weapon
 v - 4 scrolls of fog
 D - 2 scrolls of magic mapping
 L - a scroll of amnesia
Potions
 d - 6 potions of mutation
 g - a potion of magic
 h - 3 potions of flight
 j - 2 potions of attraction
 k - 3 potions of cancellation
 l - 2 potions of brilliance
 o - 6 potions of curing
 s - a potion of degeneration
 u - 3 potions of ambrosia
 B - 2 potions of lignification
 J - 3 potions of resistance


   Skills:
 - Level 14.0 Fighting
 - Level 16.0 Axes
 - Level 10.0 Armour
 + Level 6.5 Dodging
 + Level 12.8 Shields
 - Level 1.3 Spellcasting
 - Level 2.1 Conjurations
 + Level 8.0 Evocations


You had 9 spell levels left.
You knew the following spells:

 Your Spells              Type           Power      Damage    Failure   Level
a - Kiss of Death         Conj/Necr      8%         2d6       91%         1
b - Momentum Strike       Conj/Tloc      4%         3d8       97%         2
c - Blink                 Tloc           0%         N/A       99%         2

Your spell library contained the following spells:

 Spells                   Type           Power      Damage    Failure   Level
 Necrotise                Necr           0%         1d4       98%         1
 Summon Small Mammal      Summ           0%         N/A       98%         1
 Ensorcelled Hibernation  Hex/Ice        0%         N/A       99%         2
 Lesser Beckoning         Tloc           0%         N/A       99%         2
 Poisonous Vapours        Pois/Air       0%         N/A       99%         2
 Sublimation of Blood     Necr           0%         N/A       99%         2
 Call Canine Familiar     Summ           0%         N/A       100%        3
 Frozen Ramparts          Ice            0%         1d1       100%        3
 Gell's Gravitas          Tloc           0%         N/A       100%        3
 Hailstorm                Conj/Ice       2%         3d3       100%        3
 Mephitic Cloud           Conj/Pois/Air  2%         N/A       100%        3
 Ozocubu's Armour         Ice            0%         N/A       100%        3
 Spider Form              Tmut/Pois      0%         N/A       100%        3
 Summon Guardian Golem    Hex/Summ       0%         N/A       100%        3
 Teleport Other           Tloc           0%         N/A       100%        3
 Vampiric Draining        Necr           0%         2d6       100%        3
 Anguish                  Hex/Necr       0%         N/A       100%        4
 Cause Fear               Hex            0%         N/A       100%        4
 Ice Form                 Ice/Tmut       0%         N/A       100%        4
 Petrify                  Tmut/Erth      0%         N/A       100%        4
 Summon Ice Beast         Ice/Summ       0%         N/A       100%        4
 Agony                    Necr           0%         N/A       100%        5
 Freezing Cloud           Conj/Ice/Air   1%         6-21      100%        5
 Irradiate                Conj/Tmut      1%         3d12      100%        5
 Metabolic Englaciation   Hex/Ice        0%         N/A       100%        5
 Dispersal                Tloc           0%         N/A       100%        6
 Simulacrum               Ice/Necr       0%         N/A       100%        6
 Enfeeble                 Hex            0%         N/A       100%        7


Dungeon Overview and Level Annotations

Branches:
Dungeon (11/15)            Temple (1/1) D:7            Lair (5/5) D:9
  Swamp (0/4) Lair:3       Spider (0/4) Lair:3          Orc (0/2) D:10
 Bailey (visited)
  Slime: Lair:4-5

Altars:
Ashenzari
Cheibriados
Dithmenos
Elyvilon
Fedhas
Gozag
Hepliaklqana
Kikubaaqudgha
Makhleb
Nemelex Xobeh
Okawaru
Qazlal
Ru
Sif Muna
Trog
Uskayaw
Vehumet
Wu Jian
Xom
Yredelemnul
Zin
The Shining One

Shops:
D:2 =   D:3 (   D:10 :


Innate Abilities, Weirdness & Mutations

You have a pair of horns on your head.
You reflexively headbutt those who attack you in melee.


Message History

A goliath frog comes into view.
The goliath frog hits you from afar. The acid corrodes you!
You are splashed with acid!
The goliath frog hits you!!
* * * LOW HITPOINT WARNING * * *
You are splashed with acid!
* * * LOW HITPOINT WARNING * * *
The goliath frog hits you but does no damage.
You are too injured to fight recklessly!
You are too injured to fight recklessly!
You are too injured to fight recklessly!
Unknown command.
You slash the goliath frog!
The goliath frog seems to slow down.
You freeze the goliath frog. Your headbutt misses the goliath frog.
The goliath frog is moderately wounded.
You miss the goliath frog.
The goliath frog is moderately wounded.
The goliath frog barely misses you.
You miss the goliath frog.
The goliath frog is moderately wounded.
The goliath frog is no longer moving slowly.
You miss the goliath frog.
The goliath frog is moderately wounded.
The goliath frog hits you!!
* * * LOW HITPOINT WARNING * * *
You are splashed with acid.
* * * LOW HITPOINT WARNING * * *
You hit the goliath frog.
The goliath frog seems to slow down.
You freeze the goliath frog.
The goliath frog is moderately wounded.
The goliath frog hits you!!
* * * LOW HITPOINT WARNING * * *
The acid corrodes you!
You are splashed with acid!
* * * LOW HITPOINT WARNING * * *
You feel better.
As you read the scroll of teleportation, it crumbles to dust.
You feel strangely unstable. The goliath frog hits you!!
* * * LOW HITPOINT WARNING * * *
The acid corrodes you!
You are splashed with acid!
You die...

....##.##......P#
..# #####.#..(##
##††..# ##††.##
#.....# ##...##
#####....#
#.#......##
#@.....#.#
.....F.......##
.............##
..............#
.............## .
.............# ..#
.............# ....
#..#......##
.....#####..†....##


You could see a goliath frog (slow).

Vanquished Creatures
  2 tentacled starspawn (Abyss:1)
  Erolcha (D:9)
  4 two-headed ogres
  A pharaoh ant (Lair:3)
  4 skysharks
  2 lindwurms (Lair:5)
  5 black mambas
  17 elephants
  16 cane toads
  10 komodo dragons
  An unseen horror (D:10)
  5 rime drakes
  A troll (D:10)
  Prince Ribbit (D:8)
  3 polar bears
  14 blink frogs
  4 dream sheep (Lair:3)
  2 jumping spiders (Lair:3)
  Sigmund (D:5)
  18 yaks
  2 wraiths
  A ynoxinul (D:9)
  5 basilisks
  7 wyverns
  3 steam dragons
  A fire elemental (Lair:2)
  2 redbacks (Lair:3)
  11 vampire mosquitoes
  3 wargs (D:10)
  15 water moccasins
  An acid dragon (D:10)
  A hell hound (Lair:5)
  2 ice beasts
  An orc warrior (D:7)
  A black bear (D:6)
  3 wolves (Lair:1)
  An ogre (D:6)
  2 centaurs (D:7)
  3 kobold brigands (Bailey)
  A phantom (D:4)
  A gnoll sergeant (D:10)
  15 bullfrogs
  A scorpion (D:4)
  10 killer bees
  4 howler monkeys
  2 hounds
  A sleepcap (D:6)
  2 orc priests
  2 jellies (Lair:5)
  3 gnoll boudas
  Jessica (D:2)
  Ijyb (D:5)
  An iguana (D:5)
  11 orc wizards
  11 hell rats
  12 adders
  16 gnolls
  2 shadow imps
  3 white imps
  3 ufetubi
  2 worms
  2 dart slugs (D:4)
  33 orcs
  11 endoplasms
  2 giant cockroaches (D:1)
  6 goblins
  8 hobgoblins
  8 jackals
  4 quokkas
  11 ball pythons
  5 bats
  2 frilled lizards (D:1)
  18 kobolds
  5 rats
  2 butterflies (Lair:2)
  2 starspawn tentacles (Abyss:1)
401 creatures vanquished.

Vanquished Creatures (others)
  56 fungi
  105 plants
  7 starspawn tentacles (Abyss:1)
  6 toadstools (D:9)
174 creatures vanquished.

Grand Total: 575 creatures vanquished

Notes
Turn   | Place    | Note
-------+----------+-------------------------------------------
     0 | D:1      | Strat the Minotaur Reaver began the quest for the Orb.
     0 | D:1      | Reached XP level 1. HP: 18/18 MP: 1/1
   148 | D:1      | Reached skill level 4 in Axes
   226 | D:1      | Reached XP level 2. HP: 25/25 MP: 3/3
   250 | D:1      | Learned a level 2 spell: Momentum Strike
   446 | D:1      | Reached skill level 5 in Axes
   534 | D:1      | Reached XP level 3. HP: 30/30 MP: 4/4
  1123 | D:2      | Noticed Jessica
  1128 | D:2      | Killed Jessica
  1129 | D:2      | Reached skill level 6 in Axes
  1129 | D:2      | Reached XP level 4. HP: 32/35 MP: 3/5
  1239 | D:2      | Found Xaodapodgh's Jewellery Boutique.
  1276 | D:2      | Reached skill level 1 in Armour
  1578 | D:2      | Reached XP level 5. HP: 10/38 MP: 6/6
  1857 | D:2      | Identified the +0 chain mail of Gestures {Harm rN+}
  2102 | D:3      | Found Kusuebb's Antique Weapon Emporium.
  2732 | D:3      | Found a shimmering altar of Xom.
  2771 | D:3      | Reached skill level 7 in Axes
  3305 | D:4      | Reached XP level 6. HP: 50/50 MP: 7/7
  3630 | D:4      | Reached skill level 8 in Axes
  3821 | D:4      | Reached skill level 9 in Axes
  3821 | D:4      | Reached XP level 7. HP: 41/56 MP: 8/8
  4554 | D:5      | Entered Level 5 of the Dungeon
  4998 | D:5      | Reached skill level 10 in Axes
  5139 | D:5      | Noticed Sigmund
  5782 | D:6      | Reached XP level 8. HP: 31/66 MP: 9/9
  6423 | D:5      | Noticed Ijyb
  6427 | D:5      | Killed Ijyb
  6696 | D:5      | Reached skill level 5 in Armour
  6806 | D:5      | Killed Sigmund
  6807 | D:5      | Reached skill level 5 in Fighting
  7149 | D:7      | Reached skill level 11 in Axes
  7367 | D:7      | Found a staircase to the Ecumenical Temple.
  7388 | Temple   | Entered the Ecumenical Temple
  7778 | Temple   | Became a worshipper of the Wu Jian Council
  8166 | D:7      | You fall into a shaft and drop 3 floors!
  8166 | D:10     | Entered Level 10 of the Dungeon
  8170 | D:10     | Found Gaptez's Book Boutique.
  8193 | D:10     | Found a hazy altar of Hepliaklqana.
  8454 | D:10     | Reached XP level 9. HP: 77/78 MP: 10/10
  8529 | D:9      | Noticed a two-headed ogre
  8550 | D:10     | Noticed an unseen horror
  8550 | D:10     | Noticed a troll
  8613 | D:9      | Found a flagged portal.
  8618 | D:9      | Identified the +12 hand axe "Lorem Ipsum" {freeze, rPois
                  | rF+ SInv}
  8621 | D:9      | Identified the +4 hand axe of Gidyrr {pain, rF+ rN+ rCorr
                  | Dex-5}
  8645 | Bailey   | Entered a bailey
  8684 | Bailey   | Reached skill level 12 in Axes
  8755 | Bailey   | Noticed an orc knight
  8832 | D:8      | Identified the -1 buckler "Xagy" {Str-3 Dex+5}
  8937 | D:8      | Noticed a two-headed ogre
  8952 | D:8      | Killed a two-headed ogre
  9056 | D:8      | Reached XP level 10. HP: 82/90 MP: 11/11
  9301 | D:8      | Found a shimmering blue altar of Sif Muna.
  9450 | D:8      | Noticed Prince Ribbit
  9459 | D:8      | Killed Prince Ribbit
  9673 | D:7      | Reached * piety under Wu Jian
  9854 | D:7      | Reached skill level 13 in Axes
 10292 | D:9      | Killed a two-headed ogre
 10623 | D:9      | Noticed Erolcha
 10629 | Abyss:1  | Cast into level 1 of the Abyss (Erolcha)
 10672 | Abyss:1  | Noticed a tentacled starspawn
 10679 | Abyss:1  | Killed a tentacled starspawn
 10680 | Abyss:1  | Reached skill level 10 in Fighting
 10680 | Abyss:1  | Reached skill level 14 in Axes
 10680 | Abyss:1  | Reached skill level 10 in Armour
 10688 | Abyss:1  | Noticed a tentacled starspawn
 10711 | Abyss:1  | Killed a tentacled starspawn
 10714 | D:9      | Escaped the Abyss
 10719 | D:9      | Reached skill level 15 in Axes
 10719 | D:9      | Reached XP level 11. HP: 48/99 MP: 12/12
 10720 | D:9      | Killed Erolcha
 11005 | D:9      | Found a staircase to the Lair.
 11048 | D:9      | Noticed a two-headed ogre
 11059 | D:9      | Killed a two-headed ogre
 11278 | D:10     | Found a blossoming altar of Fedhas.
 11304 | D:10     | Noticed a two-headed ogre
 11317 | D:10     | Killed a two-headed ogre
 11318 | D:10     | Reached skill level 16 in Axes
 11318 | D:10     | Reached skill level 1 in Shields
 11662 | D:10     | Found a staircase to the Orcish Mines.
 11880 | D:11     | Noticed a boulder beetle
 11916 | D:10     | Reached skill level 5 in Shields
 11967 | D:10     | Reached ** piety under Wu Jian
 12150 | Lair:1   | Entered Level 1 of the Lair of Beasts
 13135 | Lair:2   | Reached skill level 10 in Shields
 13180 | Lair:2   | Reached XP level 12. HP: 76/106 MP: 13/13
 13303 | Lair:2   | Reached skill level 1 in Evocations
 13806 | Lair:2   | Identified the scarf of Wirekud {shadows, rC++ rN+}
 14502 | Lair:3   | Found a hazy altar of Hepliaklqana.
 14609 | Lair:3   | Found a staircase to the Swamp.
 14750 | Lair:3   | Noticed a six-headed hydra
 15196 | Lair:3   | Reached *** piety under Wu Jian
 15334 | Lair:3   | Learned a level 2 spell: Blink
 15525 | Lair:3   | Reached skill level 5 in Evocations
 15733 | Lair:3   | Found a hole to the Spider Nest.
 16861 | Lair:4   | Reached XP level 13. HP: 69/122 MP: 14/14
 17490 | Lair:4   | Reached **** piety under Wu Jian
 17811 | Lair:5   | Entered Level 5 of the Lair of Beasts
 18367 | Lair:5   | Reached skill level 5 in Dodging
 18903 | Lair:5   | Reached ***** piety under Wu Jian
 19053 | Lair:5   | HP: 1/124 [goliath frog (21)]
 19053 | Lair:5   | Splashed by a goliath frog's acid

Illustrated notes

Levels and vault maps discovered:
D:1:      minmay_arrival_up_and_down, layout_loops_corners, minmay_tetromino_i4
D:2:      layout_basic, serial_shops, shop, minmay_divided_ellipse, uniq_jessica
D:3:      minmay_inner_zag, layout_basic, lemuel_tele_altar, serial_shops, shop,
          serial_curves, eino_curves_01, eino_curves_01, eino_curves_03,
          minmay_quantized
D:4:      layout_basic
D:5:      layout_loops_corners, uniq_ijyb, uniq_sigmund
D:6:      layout_layer_cave, serial_rivers, chequers_serial_rivers_room_b,
          chequers_serial_rivers_micro_c, chequers_serial_rivers_micro_c,
          chequers_serial_rivers_large_b
D:7:      layout_loops_ring, minmay_temple_entry_sparse_star
D:8:      layout_loops_ring, nicolae_sif_muna_little_library,
          minmay_misc_feat_diagonals, uniq_prince_ribbit1
D:9:      layout_loops_cross, lair_entry_dummy, enter_bailey_2,
          minmay_gold_behind_fungi, roderic_lattice_a, uniq_erolcha
D:10:     layout_gridville, old_standard_altar, fedhas_altar_3,
          minmay_orc_entry_guard_dogs, serial_shops, nicolae_book_shop_shelving,
          nrook_pool_corridor, minivault_19
D:11:     layout_cave_pods
Temple:   hc_temple_tempest_star
Lair:1:   layout_roguey
Lair:2:   layout_gridlike, grunt_megastairs_2, lemuel_fruit_fields
Lair:3:   layout_small_grid, swamp_mist, nicolae_spider_entry_lesser_pyramids,
          basic_altar
Lair:4:   layout_cave_pods, nicolae_quartered_pool_impasse
Lair:5:   minmay_lair_end_frog_pond, layout_cellular_growth,
          nicolae_slime_entry_field_trip, serial_rivers,
          chequers_serial_rivers_micro_e, chequers_serial_rivers_room_b,
          chequers_serial_rivers_micro_a, chequers_serial_rivers_room_b,
          chequers_serial_rivers_marsh, special_room
          [special_room_mythical_zoo], nicolae_lair_lindhole

Skill      XL: |  1  2  3  4  5  6  7  8  9 10 11 12 13 |
---------------+----------------------------------------+-----
Axes           | 4 5 6 7 9 10 11 12 15 16 | 16.0
Armour         | 2 3 4 6 8 10 | 10.0
Fighting       | 4 6 8 10 13 14 | 14.0
Shields        | 10 11 12 | 12.8
Evocations     | 6 8 |  8.0
Dodging        | 6 |  6.5
Spellcasting   | |  1.3
Conjurations   | |  2.1

Action                     |  1- 3 |  4- 6 |  7- 9 | 10-12 | 13-15 || total
---------------------------+-------+-------+-------+-------+-------++-------
  Melee: Hand axe          |    73 |   125 |    48 |   444 |   315 ||  1005
         Headbutt          |    14 |    19 |    43 |    94 |    67 ||   237
         War axe           |       |    51 |   185 |       |       ||   236
         Punch             |       |     1 |       |     3 |       ||     4
  Throw: Dart              |       |       |       |     4 |       ||     4
   Cast: Kiss of Death     |     1 |     1 |       |       |       ||     2
Ability: Lunge             |       |       |     7 |    29 |    17 ||    53
         Whirlwind         |       |       |       |     5 |     1 ||     6
  Evoke: Wand              |       |       |     5 |     4 |     1 ||    10
    Use: Scroll            |       |     8 |    12 |     8 |     3 ||    31
         Potion            |       |     2 |     4 |     3 |     4 ||    13
   Stab: Invisible         |       |       |     2 |       |     6 ||     8
         Paralysed         |       |       |     4 |       |       ||     4
 Armour: Leather armour    |    17 |    15 |       |       |       ||    32
         Scale mail        |       |    38 |     2 |       |       ||    40
         Chain mail        |       |       |   116 |   133 |    70 ||   319
  Dodge: Dodged            |    44 |   104 |   132 |   104 |    58 ||   442
  Block: Kite shield       |       |       |       |    83 |   111 ||   194

Table legend: (Time is in decaauts)
 A = Elapsed time spent in this place.
 B = Non-inter-level travel time spent in this place.
 C = Inter-level travel time spent in this place.
 D = Time resting spent in this place.
 E = Time spent auto-exploring this place.
 F = Levels seen in this place.
 G = Mean time per level.
                   A        B        C        D        E       F      G
               +--------+--------+--------+--------+--------+-----+--------+
         Total |  18849 |  18156 |    693 |   2917 |  11665 |  19 |  992.1 |
       Dungeon |  11505 |  11062 |    443 |   1647 |   7450 |  11 | 1045.9 |
        Temple |    417 |    391 |     26 |     50 |    278 |   1 |  417.0 |
          Lair |   6719 |   6496 |    223 |   1181 |   3937 |   5 | 1343.8 |
         Abyss |     80 |     80 |      0 |      0 |      0 |   1 |   80.0 |
        Bailey |    127 |    127 |      0 |     38 |      0 |   1 |  127.0 |
               +--------+--------+--------+--------+--------+-----+--------+

Top non-repeatable levels by time:
  Lair:3: 1714 daAuts
     D:6: 1544 daAuts
  Lair:4: 1503 daAuts
  Lair:2: 1444 daAuts
     D:4: 1344 daAuts
     D:5: 1278 daAuts
    D:10: 1256 daAuts
  Lair:5: 1180 daAuts
     D:3: 1171 daAuts
     D:2: 1046 daAuts
     D:9: 1040 daAuts
     D:1: 997 daAuts
     D:7: 980 daAuts
  Lair:1: 876 daAuts
     D:8: 841 daAuts
